AoeStats
← z3zaito

Lombardia

508083604Analyzed
3v3 RM · 11d ago on Sep 20, 2026· 53m 13s· 6 players
Game mode
Random Map
Map size
Normal (6 player)
Population
200
Speed
Normal
Resources
Standard
Victory
Conquest
Starting age
Dark Age
Ending age
Imperial Age
RankedLock teamsTeams togetherTeam positionsShared explorationLock speedFull tech treeHidden civsTurbo modeCheats
Victory
Defeat
🇫🇷 Inca · France
792
+16
🇫🇷 Koreans · France
790
+16
🇫🇷 Spanish · France
734
+19
🇩🇪 Spanish · Germany
850
-19
🇦🇷 Goths · Argentina
799
-17
🇪🇸 Bohemians · Spain
744
-15
Thomascrbn
10:47 Feudal Age
12:29 Loom
12:59 Double-Bit Axe
12:59 Horse Collar
16:30 Fletching
23:51 Castle Age
23:59 Crossbowman
24:45 Thumb Ring
24:51 Thumb Ring
25:01 Forging
27:08 Bow Saw
27:01 Heavy Plow
27:04 Pikeman
29:11 Town Watch
29:36 Squires
31:10 Wheelbarrow
31:39 Bodkin Arrow
32:38 Scale Mail Armor
33:17 Ballistics
35:00 Hand Cart
34:38 Arson
37:47 Caravan
40:27 Imperial Age
39:46 Murder Holes
40:01 Masonry
43:26 Two-Man Saw
43:30 Chemistry
42:36 Siege Engineers
43:02 Architecture
42:36 Bracer
43:11 Iron Casting
50:00 Town Patrol
50:23 Conscription
50:25 Heavy Rocket Cart
ChrisBrux
11:07 Feudal Age
9:23 Loom
11:44 Double-Bit Axe
13:44 Wheelbarrow
14:41 Wheelbarrow
14:06 Gold Mining
18:04 Arson
17:41 Champi Runner
18:39 Horse Collar
19:52 Forging
19:44 Scale Mail Armor
28:04 Castle Age
26:38 Fletching
26:57 Stone Mining
28:57 Bow Saw
28:51 Heavy Plow
28:39 Champi Warrior
29:20 Squires
31:39 Iron Casting
31:32 Chain Mail Armor
34:23 Hand Cart
36:58 Stone Shaft Mining
35:59 Pikeman
42:46 Elite Skirmisher
53:49 Ballistics
53:25 Murder Holes
Pardaillec
13:20 Feudal Age
13:46 Double-Bit Axe
14:40 Horse Collar
18:12 Castle Age
19:24 Bow Saw
19:36 Scale Barding Armor
22:29 Forging
23:32 Husbandry
25:57 Wheelbarrow
28:43 Hand Cart
29:25 Iron Casting
29:42 Bloodlines
30:07 Chain Barding Armor
30:56 Heavy Plow
30:54 Gold Mining
31:03 Stone Mining
35:21 Imperial Age
35:31 Cavalier
37:37 Plate Barding Armor
38:03 Blast Furnace
39:36 Ballistics
39:20 Padded Archer Armor
39:12 Fletching
40:40 Caravan
40:40 Paladin
WarapEB
4:39 Loom
12:31 Feudal Age
13:21 Double-Bit Axe
14:05 Gold Mining
14:39 Man-at-Arms
16:49 Horse Collar
22:27 Castle Age
23:30 Scale Mail Armor
23:49 Long Swordsman
23:51 Elite Skirmisher
25:12 Forging
25:17 Chain Mail Armor
24:55 Pikeman
26:22 Squires
30:02 Bow Saw
30:28 Anarchy
38:50 Heavy Plow
45:22 Crossbowman
z3zaito
5:31 Loom
11:14 Feudal Age
16:08 Castle Age
14:30 Double-Bit Axe
14:42 Horse Collar
17:41 Wheelbarrow
17:27 Heavy Plow
23:47 Bloodlines
24:35 Scale Barding Armor
27:42 Chain Barding Armor
28:07 Husbandry
28:35 Bow Saw
29:45 Sanctity
29:47 Hand Cart
29:57 Town Watch
30:46 Forging
31:25 Fletching
37:11 Imperial Age
35:52 Gold Mining
37:24 Bodkin Arrow
37:18 Elite Skirmisher
38:39 Bracer
38:13 Cavalier
51:02 Paladin
andres.murillo3
10:36 Feudal Age
11:16 Double-Bit Axe
11:31 Man-at-Arms
20:58 Castle Age
20:03 Forging
22:23 Bow Saw
24:33 Long Swordsman
25:45 Pikeman
29:12 Loom
32:10 Elite Skirmisher
40:02 Horse Collar
47:38 Chemistry
49:01 Wheelbarrow
48:11 Town Watch
49:03 Heavy Plow
53:32 Imperial Age
52:40 Squires
53:34 Iron Casting
52:50 Fletching
53:00 Padded Archer Armor
53:01 Scale Mail Armor
Connection lost

Rejoining the realm…

Still unreachable

The connection could not be restored.

Session expired

The server has moved on; the page needs a fresh start.